 Dungeon Crawl Stone Soup version 0.24.1-8-ga250c9d538 (webtiles) character file.

Game seed: 15839533828709846884, levelgen mode: deterministic

604353 Hugehornet the Invulnerable (level 27, -2/242 HPs)
             Began as a Hill Orc Fighter on Apr 29, 2020.
             Was the Champion of Okawaru.
             Slain by a death cob (8 damage)
             ... on level 1 of the Realm of Zot.
             The game lasted 04:40:30 (55993 turns).

Hugehornet the Invulnerable (Hill Orc Fighter)     Turns: 55993, Time: 04:40:31

Health: -2/242     AC: 56    Str: 40    XL:     27
Magic:  6/12       EV: 15    Int: 12    God:    Okawaru [******]
Gold:   2842       SH: 37    Dex: 13    Spells: 37/45 levels left

rFire    + . .     SeeInvis +   B - +3 eveningstar (antimagic)
rCold    + . .     Gourm    .   Z - +0 large shield
rNeg     + + .     Faith    .   N - +13 crystal plate armour of Pan-Flutes {Regen+ Slay+2}
rPois    +         Spirit   .   Y - +4 helmet of Motaseva {rElec rC+++ Dex-2 SInv}
rElec    +         Reflect  +   j - scarf {repulsion}
rCorr    .         Harm     .   M - +1 pair of gloves of the Kangaroo {rC- rN++ Dex+5}
MR       +++..                  r - +1 pair of boots "Hysuysij" {*Drain Str+2 Int+4 SInv}
Stlth    ..........             w - brooch of Shielding {Reflect SH+8}
HPRegen  0.90/turn              T - ring "Fyf Aka" {rPois rF+ rC- MR+}
MPRegen  0.13/turn              v - ring "Leank" {*Drain rPois Str+8 SInv}

@: about to teleport, hasted and slowed, studying Axes, repel missiles
A: camouflage 1, dopey 1, mutation resistance 1, subdued magic 1
}: 3/15 runes: serpentine, barnacled, silver
a: Heroism, Finesse, Renounce Religion


You were on level 1 of the Realm of Zot.
You worshipped Okawaru.
Okawaru was exalted by your worship.
You were not hungry.

You visited 10 branches of the dungeon, and saw 46 of its levels.
You visited the Abyss 2 times.
You visited 2 bazaars.
You also visited: Sewer, Ossuary, Bailey, Gauntlet, Ice Cave and Volcano.

You collected 7622 gold pieces.
You spent 4780 gold pieces at shops.

Inventory:

Hand Weapons
 a - the +7 flail of Valour {flame, *Corrode rElec Int+5 Dex+4}
   (You bought it in a shop in a bazaar)

   It has been specially enchanted to burn those struck by it, causing extra
   injury to most foes and up to half again as much damage against particularly
   susceptible opponents.
   It affects your intelligence (+5).
   It affects your dexterity (+4).
   It insulates you from electricity.
   It may corrode you when you take damage.
 k - the +9 trident "Pefok" {freeze, -Tele Str+9}
   (You bought it in a shop in a bazaar)

   It has been specially enchanted to freeze those struck by it, causing extra
   injury to most foes and up to half again as much damage against particularly
   susceptible opponents.
   It can also slow down cold-blooded creatures.
   It affects your strength (+9).
   It prevents most forms of teleportation.
 B - a +3 antimagic eveningstar (weapon)
 D - the +10 morningstar "Eos" {elec, Halo rElec}
   (You found it on level 3 of the Elven Halls)

   Occasionally, upon striking a foe, it will discharge some electrical energy
   and cause terrible harm.
   It insulates you from electricity.
 L - a +5 demon trident of electrocution
 V - the +10 broad axe "Wyunt" {drain, rC+ Int+6 Dex-4}
   (Okawaru gifted it to you in a volcano)

   A truly terrible weapon, it drains the life of those it strikes.
   It affects your intelligence (+6).
   It affects your dexterity (-4).
   It protects you from cold.
Armour
 j - a scarf of repulsion (worn)
 q - the +8 orange crystal plate armour {Archmagi, Int+3 Clar}
   (You found it on level 3 of the Elven Halls)

   It affects your intelligence (+3).
   It protects you against confusion.
 r - the +1 pair of boots "Hysuysij" (worn) {*Drain Str+2 Int+4 SInv}
   (Okawaru gifted it to you on level 3 of the Lair of Beasts)

   It affects your strength (+2).
   It affects your intelligence (+4).
   It lets you see invisible.
   It causes draining when unequipped.
 H - the +5 pair of gloves "Jojoteir" {rPois rC+ rN+ Str-5}
   (You found it in a Gauntlet)

   It affects your strength (-5).
   It protects you from cold.
   It protects you from poison.
   It protects you from negative energy.
 M - the +1 pair of gloves of the Kangaroo (worn) {rC- rN++ Dex+5}
   (You bought it in a shop on level 5 of the Vaults)

   It affects your dexterity (+5).
   It makes you vulnerable to cold.
   It greatly protects you from negative energy.
 N - the +13 crystal plate armour of Pan-Flutes (worn) {Regen+ Slay+2}
   (Okawaru gifted it to you on level 4 of the Vaults)

   It affects your accuracy and damage with ranged weapons and melee attacks
   (+2).
   It increases your rate of regeneration.
 X - +8 fire dragon scales
 Y - the +4 helmet of Motaseva (worn) {rElec rC+++ Dex-2 SInv}
   (You found it in a Gauntlet)

   It affects your dexterity (-2).
   It renders you almost immune to cold.
   It insulates you from electricity.
   It lets you see invisible.
 Z - a +0 large shield (worn)
Jewellery
 l - a +5 ring of dexterity
 m - an uncursed ring of protection from magic
 n - the amulet of the Will of the Gods {RegenMP Str+2 Int+2}
   (You bought it in a shop in a bazaar)

   [amulet of magic regeneration]

   It increases your magic regeneration.
   It affects your strength (+2).
   It affects your intelligence (+2).
 s - an uncursed ring of flight
 v - the ring "Leank" (right hand) {*Drain rPois Str+8 SInv}
   (You found it on level 2 of the Depths)

   [ring of poison resistance]

   It affects your strength (+8).
   It protects you from poison.
   It lets you see invisible.
   It causes draining when unequipped.
 w - the brooch of Shielding (around neck) {Reflect SH+8}
   (You bought it in a shop on level 2 of the Orcish Mines)

   [amulet of reflection]

   It shields you and reflects attacks.
   It affects your SH (+8).
 A - an uncursed ring of protection from magic
 G - an uncursed ring of resist corrosion
 J - a +4 ring of intelligence
 O - an uncursed ring of wizardry
 R - a +5 ring of strength
 T - the ring "Fyf Aka" (left hand) {rPois rF+ rC- MR+}
   (You took it off a draconian monk on level 5 of the Depths)

   [ring of protection from magic]

   It protects you from fire.
   It makes you vulnerable to cold.
   It protects you from poison.
   It affects your resistance to hostile enchantments.
 U - an uncursed ring of wizardry
Scrolls
 b - 4 scrolls of blinking
 e - 27 scrolls of teleportation
 h - 2 scrolls of enchant weapon
 i - 11 scrolls of magic mapping
 p - 2 scrolls of summoning
 t - 12 scrolls of fear
 x - 3 scrolls of brand weapon
 y - 4 scrolls of enchant armour
 z - 2 scrolls of identify
 F - 8 scrolls of fog
 K - 5 scrolls of remove curse
 S - 4 scrolls of holy word
Potions
 c - a potion of heal wounds
 d - 9 potions of might
 g - 15 potions of curing
 o - 5 potions of invisibility
 u - 10 potions of haste
 C - 3 potions of berserk rage
 E - 7 potions of agility
 P - 2 potions of resistance
 Q - 4 potions of flight
 W - 6 potions of cancellation
Books
 I - a manual of Axes
Comestibles
 f - 56 rations


   Skills:
 - Level 18.8 Fighting
 - Level 18.0(19.8) Axes
 - Level 13.1(16.0) Maces & Flails
 O Level 27 Armour
 - Level 12.0 Dodging
 - Level 25.0 Shields
 - Level 5.7 Unarmed Combat
 + Level 9.5 Spellcasting
 + Level 9.4 Charms
 - Level 8.1 Invocations
 - Level 8.0 Evocations


You had 37 spell levels left.
You knew the following spells:

 Your Spells              Type           Power        Failure   Level  Hunger
a - Summon Butterflies    Summ           #.......     36%         1    None
b - Shroud of Golubria    Chrm/Tloc      ##....       8%          2    None
c - Swiftness             Chrm/Air       ##......     8%          2    None
d - Regeneration          Chrm/Necr      ##........   16%         3    ##.....

Your spell library contained the following spells:

 Spells                   Type           Power        Failure   Level  Hunger
 Infusion                 Chrm           ###.         1%          1    None
 Song of Slaying          Chrm           ###.....     1%          2    None
 Ozocubu's Armour         Chrm/Ice       ##......     16%         3    ##.....
 Spectral Weapon          Hex/Chrm       ##......     16%         3    ##.....
 Animate Skeleton         Necr           N/A          36%         1    None
 Beastly Appendage        Tmut           #.....       36%         1    None
 Flame Tongue             Conj/Fire      #....        36%         1    None
 Freeze                   Ice            #...         36%         1    None
 Magic Dart               Conj           #...         36%         1    None
 Pain                     Necr           #...         36%         1    None
 Sting                    Conj/Pois      #...         36%         1    None
 Summon Small Mammal      Summ           #...         36%         1    None
 Call Imp                 Summ           #.......     52%         2    None
 Passwall                 Tmut/Erth      #.......     52%         2    None
 Poisonous Vapours        Pois/Air       #.....       52%         2    None
 Searing Ray              Conj           #.....       52%         2    None
 Sticks to Snakes         Tmut           #.......     52%         2    None
 Sublimation of Blood     Necr           #.........   52%         2    None
 Throw Flame              Conj/Fire      #.....       52%         2    None
 Throw Frost              Conj/Ice       #.....       52%         2    None
 Call Canine Familiar     Summ           #.......     77%         3    ##.....
 Conjure Flame            Conj/Fire      #.......     77%         3    ##.....
 Dazzling Spray           Conj/Hex       #.....       77%         3    ##.....
 Ignite Poison            Fire/Tmut/Pois #.......     77%         3    ##.....
 Inner Flame              Hex/Fire       #.......     77%         3    ##.....
 Mephitic Cloud           Conj/Pois/Air  #.......     77%         3    ##.....
 Recall                   Summ/Tloc      N/A          77%         3    ##.....
 Spider Form              Tmut/Pois      #.........   77%         3    ##.....
 Summon Guardian Golem    Hex/Summ       #.......     77%         3    ##.....
 Vampiric Draining        Necr           #.........   77%         3    ##.....
 Excruciating Wounds      Chrm/Necr      ##........   85%         5    #####..
 Iskenderun's Battlesphe  Conj/Chrm      ##......     85%         5    #####..
 Animate Dead             Necr           N/A          99%         4    ####...
 Cause Fear               Hex            #.........   99%         4    ####...
 Force Lance              Conj/Tloc      #.......     99%         4    ####...
 Fulminant Prism          Conj/Hex       #.........   99%         4    ####...
 Ice Form                 Ice/Tmut       #.......     99%         4    ####...
 Iskenderun's Mystic Bla  Conj           #.......     99%         4    ####...
 Olgreb's Toxic Radiance  Pois           #.......     99%         4    ####...
 Petrify                  Tmut/Erth      #.......     99%         4    ####...
 Summon Ice Beast         Ice/Summ       #.......     99%         4    ####...
 Summon Lightning Spire   Summ/Air       #.......     99%         4    ####...
 Throw Icicle             Conj/Ice       #.......     99%         4    ####...
 Blade Hands              Tmut           #.........   100%        5    #####..
 Bolt of Magma            Conj/Fire/Erth #.........   100%        5    #####..
 Borgnjor's Vile Clutch   Necr/Erth      #.........   100%        5    #####..
 Fireball                 Conj/Fire      #.........   100%        5    #####..
 Irradiate                Conj/Tmut      #.........   100%        5    #####..
 Metabolic Englaciation   Hex/Ice        #.........   100%        5    #####..
 Silence                  Hex/Air        #.........   100%        5    #####..
 Summon Mana Viper        Hex/Summ       #.......     100%        5    #####..
 Venom Bolt               Conj/Pois      #.........   100%        5    #####..
 Yara's Violent Unravell  Hex/Tmut       #.........   100%        5    #####..
 Bolt of Cold             Conj/Ice       #.........   100%        6    #######
 Bolt of Fire             Conj/Fire      #.........   100%        6    #######
 Death Channel            Necr           #.........   100%        6    #######
 Deflect Missiles         Chrm/Air       ##........   100%        6    #######
 Freezing Cloud           Conj/Ice/Air   #.........   100%        6    #######
 Hydra Form               Tmut           #.........   100%        6    #######
 Iron Shot                Conj/Erth      #.........   100%        6    #######
 Ozocubu's Refrigeration  Ice            #.........   100%        6    #######
 Simulacrum               Ice/Necr       #.........   100%        6    #######
 Statue Form              Tmut/Erth      #........    100%        6    #######
 Dragon Form              Tmut           #.........   100%        7    #######
 Haunt                    Necr/Summ      #.........   100%        7    #######
 Orb of Destruction       Conj           #.........   100%        7    #######
 Ring of Flames           Chrm/Fire      ##........   100%        7    #######
 Spellforged Servitor     Conj/Summ      #.........   100%        7    #######
 Summon Hydra             Summ           #.........   100%        7    #######
 Borgnjor's Revivificati  Necr           #.........   100%        8    #######
 Death's Door             Chrm/Necr      ##........   100%        8    #######
 Discord                  Hex            #.........   100%        8    #######
 Ignition                 Fire           #.........   100%        8    #######
 Infestation              Necr           #.........   100%        8    #######
 Necromutation            Tmut/Necr      #.........   100%        8    #######


Dungeon Overview and Level Annotations

Branches:
Dungeon (15/15)            Temple (1/1) D:6            Lair (6/6) D:8
 Shoals (4/4) Lair:2        Snake (4/4) Lair:3        Slime (0/5) Lair:5
    Orc (2/2) D:9             Elf (3/3) Orc:2        Vaults (5/5) D:14
  Crypt (0/3) Vaults:3     Depths (5/5) D:15            Zot (1/5) Depths:5
  Sewer (visited)         Ossuary (visited)          Bailey (visited)
  IceCv (visited)         Volcano (visited)         Gauntlet (visited)

Altars:
Ashenzari
Cheibriados
Dithmenos
Elyvilon
Fedhas
Gozag
Hepliaklqana
Kikubaaqudgha
Makhleb
Nemelex Xobeh
Okawaru
Qazlal
Ru
Sif Muna
Trog
Uskayaw
Vehumet
Wu Jian
Xom
Yredelemnul
Zin
The Shining One
Lugonu

Shops:
D:6 *   D:14 }   D:15 (   Orc:2 (%:=   Elf:2 }=}[   Elf:3 *   Shoals:2 (!%
Snake:3 *   Vaults:3 (:[   Vaults:5 [   Depths:1 *!

Portals:
Hell: Lair:6 Depths:1 Depths:2 Depths:3 Depths:4 Depths:5
Abyss: Depths:1 Depths:4
Pandemonium: Depths:3 Depths:4
Ziggurat: Depths:5

Annotations:
Elf:2 1 runed translucent door
Depths:2 3 runed translucent doors, Xohoopt's ghost, veteran GrFi


Innate Abilities, Weirdness & Mutations

Your skin changes colour to match your surroundings (Stealth+).
You are dopey. (Int -2)
You are somewhat resistant to further mutation.
Your spells are a little easier to cast, but a little less powerful.


Message History

Okay, then.
You feel yourself speed up.
You feel yourself speed up.
You block the quicksilver dragon's attack. x2
The death cob barely misses you.
The quicksilver dragon bites you but does no damage.
You block the quicksilver dragon's attack.
The death cob hits you!
* * * LOW HITPOINT WARNING * * *
The death cob drains your vigour!
You feel yourself slow down.
The red draconian shifter blinks!
The Killer Klown pokes you but does no damage.
The quicksilver dragon bites you but does no damage.
The quicksilver dragon misses you.
You block the tentacled monstrosity's attack.
The tentacled monstrosity tentacle-slaps you but does no damage.
You block the tentacled monstrosity's attack.
The tentacled monstrosity barely misses you.
The death cob hits you!
You die...

.÷...)...##.##
###.......
)##.....##.##
##.....#
###....##.##
##....#
###...###.#
##...#
##....##.##
##...
##.....#.#
###+### #...
#......#.#
##...f.## #...
.......#.#
#..Dy.z.###
#.#...
.......#.#
#..@XXff#.#
#.#...
.......#.#
+..pz>○°'.#
#.....
....##.#)#
#...yz..#.#
#..... ....#
.#.#
#....q..#.#
#... ....#
.#.##
##.....##f#
##.. ...).
##.##
###+###f##
#... .....#
##%### ##.#
###...
##..#######.##
##..... .....#
###.......##
#......


You could see a Killer Klown, 2 tentacled monstrosities, a curse toe, a red
draconian shifter, 2 death cobs, a quicksilver dragon (berserk), 2 moths of
wrath and 3 wandering mushrooms.

Vanquished Creatures
  An orb of fire (Zot:1)
  Mara (Snake:3)
  A juggernaut (Depths:5)
  Vashnia (Snake:4)
  Frederick (Vaults:4)
  Saint Roka (Orc:2)
  8 caustic shrikes
  5 golden dragons
  Nikola (Shoals:3)
  Jory (Depths:3)
  The ghost of DOPEyDwarf the Hoplite, a veteran GrFE of Okawaru (Depths:5)
  10 tentacled monstrosities
  Jorgrun (Orc:1)
  2 Ice Fiends (IceCv)
  Rupert (Orc:2)
  2 titans (Vaults:5)
  2 quicksilver dragons
  Asterion (Vaults:4)
  A deep elf master archer (Elf:3)
  2 deep elf blademasters (Elf:3)
  3 krakens
  3 sphinxes
  Gastronok (D:12)
  An Executioner (Abyss:2)
  3 tentacled starspawn (Depths:2)
  8 tengu reavers
  2 death cobs (Zot:1)
  2 shadow dragons
  Kirke (Lair:5)
  Roxanne (Snake:4)
  9 nagarajas
  3 storm dragons
  5 draconian monks (Depths:5)
  3 iron dragons
  Donald (Elf:3)
  6 fire giants
  2 orc warlords
  A draconian knight (Depths:5)
  Aizul (Snake:4)
  4 deep elf sorcerers
  12 vault wardens
  A balrug (Depths:4)
  7 frost giants
  The ghost of esteth the Thaumaturge, a journeyman GnWz of Ashenzari (Snake:4)
  A cacodemon (Depths:3)
  3 deep elf elementalists (Elf:3)
  3 draconian annihilators (Depths:5)
  4 spriggan defenders
  3 war gargoyles (Vaults:5)
  17 stone giants
  17 ironheart preservers
  9 deep elf demonologists
  An entropy weaver (Vaults:3)
  3 red draconians
  9 black draconians
  2 vampire knights
  32 very ugly things
  A minotaur (Gauntlet)
  5 purple draconians
  A lorocyproca (Abyss:2)
  3 white draconians (Depths:5)
  Azrael (D:13)
  10 deep elf annihilators
  An eidolon (Vaults:3)
  A dire elephant (Lair:6)
  A yellow draconian (Zot:1)
  3 green draconians (Depths:5)
  7 spark wasps
  9 deep elf death magi
  9 ettins
  4 merfolk javelineers
  11 merfolk impalers
  Josephine (D:11)
  8 deep elf high priests
  9 fire dragons
  8 great orbs of eyes
  12 yaktaur captains
  5 hydras
  7 ice dragons
  Erolcha (Orc:2)
  34 vault guards
  10 naga warriors
  5 spriggan air magi
  A rakshasa (Abyss:2)
  2 alligator snapping turtles
  Erica (D:8)
  6 anacondas
  8 merfolk avatars
  9 centaur warriors
  2 death knights
  8 merfolk aquamancers
  32 dancing weapons
  2 satyrs
  63 two-headed ogres
  3 orc high priests
  3 vampire magi
  4 tengu warriors
  22 ogre magi
  Urug (Lair:2)
  21 naga sharpshooters
  19 deep troll earth magi
  7 deep troll shamans
  2 spriggans (Depths:5)
  5 thrashing horrors
  7 shock serpents
  A soul eater (Vaults:3)
  A shock serpent (shapeshifter) (Vaults:3)
  22 deep elf knights
  12 spriggan berserkers
  3 sun demons
  11 hell knights
  A shadow wraith (Vaults:4)
  A death drake (shapeshifter) (Depths:2)
  4 salamander mystics
  3 unseen horrors (shapeshifter)
  2 spark wasp zombies (Depths:3)
  6 iron trolls (Depths:3)
  3 skeletal warriors (D:15)
  5 unseen horrors
  3 death drakes (Depths:5)
  5 glowing orange brains
  2 torturous demonspawn
  A golden dragon zombie (Depths:3)
  37 deep trolls
  8 naga ritualists
  2 flayed ghosts
  14 sea snakes
  An orange crystal statue (Depths:4)
  17 deep elf archers
  9 wizards
  29 orc knights
  12 ironbrand convokers
  3 lindwurms (Depths:5)
  4 phantasmal warriors
  11 harpies
  2 orc sorcerers
  7 mana vipers
  An orb spider (Abyss:3)
  55 deep elf magi
  A harpy (shapeshifter) (D:14)
  2 wolf spiders
  11 cyclopes
  A wolf spider zombie (D:15)
  10 necromancers
  2 human zombies (Vaults:3)
  15 manticores
  10 fauns
  A shining eye (Abyss:2)
  A shining eye (shapeshifter) (Depths:3)
  9 moths of wrath
  5 toenail golems (Volcano)
  A manticore (shapeshifter) (Vaults:2)
  11 salamanders
  2 salamanders (shapeshifter)
  61 ugly things
  31 elephants
  8 guardian serpents
  18 slime creatures
  13 vault sentinels
  3 guardian serpents (shapeshifter)
  7 merfolk sirens
  16 naga magi
  23 black mambas
  8 water nymphs
  A fire giant skeleton (Vaults:3)
  A torpor snail (Gauntlet)
  An apocalypse crab (Depths:2)
  A torpor snail (shapeshifter) (Vaults:5)
  3 centaur zombies
  3 ice statues
  2 gargoyles
  A rust devil (Depths:4)
  16 spiny frogs
  A spiny frog (shapeshifter) (Depths:3)
  4 orange demons (Lair:6)
  A smoke demon (Depths:3)
  A komodo dragon (shapeshifter) (Vaults:5)
  4 freezing wraiths
  3 efreet
  A minotaur zombie (Gauntlet)
  35 yaktaurs
  A tormentor (Depths:4)
  11 komodo dragons
  2 kobold demonologists (D:15)
  5 rime drakes
  14 ice devils
  3 tengu conjurers
  8 hellwings
  A red devil (Depths:4)
  A jumping spider (Vaults:3)
  32 merfolk
  A wind drake (shapeshifter) (Vaults:1)
  13 trolls
  2 polar bears (Lair:6)
  A harpy skeleton (D:15)
  8 wind drakes
  Prince Ribbit (D:6)
  6 hornets
  3 meliai (D:15)
  2 raiju (Gauntlet)
  A raiju (shapeshifter) (Abyss:2)
  14 blink frogs
  Grinder (D:3)
  3 hippogriffs (shapeshifter)
  7 dream sheep
  7 large abominations
  A blink frog (shapeshifter) (Depths:2)
  10 hippogriffs
  10 snapping turtles
  3 redbacks
  3 air elementals
  A tarantella (Vaults:3)
  2 centaur simulacra (Gauntlet)
  A fire giant simulacrum (Depths:3)
  2 shadows
  A vampire (D:14)
  6 wyverns
  32 yaks
  A ynoxinul (Depths:3)
  7 fire elementals
  7 wraiths
  2 basilisks (shapeshifter)
  13 water elementals
  5 hogs
  A human (D:7)
  A neqoxec (Abyss:3)
  Menkaure (D:6)
  Grum (D:10)
  6 hungry ghosts
  4 basilisks
  2 human simulacra (Vaults:3)
  10 vampire mosquitoes
  A yaktaur simulacrum (Vaults:2)
  A harpy simulacrum (Gauntlet)
  An elf simulacrum (Depths:3)
  A two-headed ogre zombie (D:9)
  2 chaos spawn
  66 nagas
  A soldier ant (shapeshifter) (Depths:3)
  4 wargs
  2 acid dragons
  12 water moccasins
  13 hell hounds
  A swamp drake (Depths:5)
  A meliai simulacrum (Gauntlet)
  A floating eye (shapeshifter) (Elf:1)
  7 porcupines
  5 sky beasts
  67 orc warriors
  5 ice beasts
  An eye of draining (shapeshifter) (Vaults:1)
  5 phantoms
  2 eyes of draining (D:14)
  2 black bears
  A black bear (shapeshifter) (Vaults:2)
  15 boggarts
  73 ogres
  10 wolves
  21 centaurs
  A crocodile (shapeshifter) (Depths:3)
  20 crocodiles
  4 elf zombies (Elf:1)
  4 big kobolds
  21 bullfrogs
  2 wyvern zombies
  A bullfrog (shapeshifter) (Vaults:5)
  3 water moccasin zombies
  A human skeleton (Vaults:3)
  5 scorpions
  4 small abominations
  A killer bee (shapeshifter) (Vaults:2)
  4 troll zombies (D:9)
  6 killer bees
  A howler monkey (D:4)
  4 electric eels
  2 lava snakes (D:7)
  9 crimson imps
  9 starcursed masses (Depths:2)
  A quasit (D:11)
  2 bullfrog zombies
  An iron imp (Depths:4)
  2 jellies (D:12)
  30 orc priests
  2 bullfrog skeletons
  5 centaur skeletons
  A gnoll shaman (Orc:2)
  11 hounds
  35 orc wizards
  7 iguanas
  A lightning spire (Gauntlet)
  15 worker ants
  A big kobold zombie (Ossuary)
  3 ogre zombies (D:9)
  A hound zombie (D:9)
  2 mummies (Ossuary)
  A worker ant zombie (D:5)
  23 gnolls
  18 adders
  10 white imps
  10 ufetubi
  2 adder skeletons
  6 adder zombies (Ossuary)
  A worm (D:3)
  A dart slug (D:2)
  6 leopard geckos
  112 orcs
  13 giant cockroaches
  8 goblins
  6 hobgoblins
  2 jackals (Sewer)
  29 kobolds
  2 quokkas
  7 ball pythons
  8 bats
  9 frilled lizards
  4 gnoll zombies (Ossuary)
  A goblin skeleton (D:9)
  3 goblin zombies (D:9)
  2 hobgoblin skeletons (D:9)
  5 hobgoblin zombies
  4 kobold zombies (Ossuary)
  A leopard gecko skeleton (D:4)
  An orc skeleton (D:9)
  15 orc zombies (D:9)
  2 quokka skeletons
  5 rats
  7 crawling corpses
  A fungus (Lair:2)
  A macabre mass (Depths:4)
  12 plants
  A starspawn tentacle (Depths:2)
  11 tentacles
2445 creatures vanquished.

Vanquished Creatures (others)
  A deep elf master archer (Elf:3)
  An ironheart preserver (Vaults:1)
  2 stone giants
  A yaktaur captain (Depths:4)
  6 centaur warriors
  2 satyrs
  A dancing weapon (Elf:3)
  Sonja (D:13)
  A deep elf knight (Vaults:4)
  A shadow wraith (Vaults:3)
  4 deep elf archers
  A cyclops (D:14)
  15 yaktaurs
  A merfolk (Shoals:3)
  A troll (Orc:2)
  A naga (Snake:1)
  2 orc warriors (Bailey)
  9 centaurs
  A crimson imp (Depths:4)
  3 white imps (IceCv)
  2 ufetubi (IceCv)
  An orc (D:12)
  2 bushes
  12 fungi
  A lurking horror (Depths:2)
  11 plants
  7 starspawn tentacles (Depths:2)
  12 tentacles
103 creatures vanquished.

Grand Total: 2548 creatures vanquished

Notes
Turn   | Place    | Note
-------+----------+-------------------------------------------
     0 | D:1      | Hugehornet the Hill Orc Fighter began the quest for the
                  | Orb.
     0 | D:1      | Reached XP level 1. HP: 19/19 MP: 1/1
   150 | D:1      | Reached XP level 2. HP: 26/26 MP: 2/2
   647 | D:2      | Reached XP level 3. HP: 26/31 MP: 3/3
   650 | D:2      | Reached skill level 5 in Axes
   660 | D:2      | Reached XP level 4. HP: 5/39 MP: 4/4
  1157 | D:2      | Found a shadowy altar of Dithmenos.
  1376 | D:2      | Found a hazy altar of Hepliaklqana.
  1639 | D:2      | Found a blossoming altar of Fedhas.
  1739 | D:3      | Found a sparkling altar of Nemelex Xobeh.
  1796 | D:3      | Reached XP level 5. HP: 38/45 MP: 5/5
  1855 | D:3      | Noticed Grinder
  1861 | D:3      | Paralysed by Grinder for 3 turns
  2155 | D:3      | Paralysed by Grinder for 3 turns
  2170 | D:3      | Killed Grinder
  2170 | D:3      | Reached XP level 6. HP: 17/51 MP: 6/6
  2424 | D:3      | Found a stormy altar of Qazlal.
  2425 | D:3      | Found an ornate altar of the Wu Jian Council.
  2789 | D:4      | Got a bloodstained leather armour
  2812 | D:4      | Found a glowing drain.
  2832 | D:4      | Reached XP level 7. HP: 33/57 MP: 7/7
  2861 | D:4      | Reached skill level 10 in Axes
  3003 | Sewer    | Entered a sewer
  3698 | D:4      | Found a hide-covered altar of Uskayaw.
  3698 | D:4      | Noticed a +0 dagger
  3722 | D:4      | Noticed a +0 hand axe
  4054 | D:4      | Reached XP level 8. HP: 61/64 MP: 8/8
  4125 | D:4      | Identified the +0 leather armour of the Blacksmith {rElec
                  | Str+8 Int+3 Stlth-} (You found it on level 4 of the
                  | Dungeon)
  4192 | D:5      | Entered Level 5 of the Dungeon
  4617 | D:5      | Found a shimmering blue altar of Sif Muna.
  4670 | D:6      | Found Otray's Assorted Antiques.
  4982 | D:6      | Bought a scroll labeled TIUNAU HELUF for 24 gold pieces
  4982 | D:6      | Bought a yellow potion for 21 gold pieces
  4982 | D:6      | Bought a scroll labeled POTASI BAZA for 24 gold pieces
  4982 | D:6      | Bought a scroll labeled POTASI BAZA for 24 gold pieces
  4982 | D:6      | Bought a scroll of identify for 48 gold pieces
  5113 | D:6      | Noticed Prince Ribbit
  5120 | D:6      | Noticed Menkaure
  5130 | D:6      | Killed Prince Ribbit
  5132 | D:6      | Reached XP level 9. HP: 32/70 MP: 9/9
  5134 | D:6      | Killed Menkaure
  5391 | D:6      | Found a staircase to the Ecumenical Temple.
  5405 | Temple   | Entered the Ecumenical Temple
  5526 | Temple   | Became a worshipper of Warmaster Okawaru
  5847 | D:7      | Reached skill level 15 in Axes
  6276 | D:7      | Found a transporter.
  6333 | D:7      | Reached * piety under Okawaru
  6369 | D:7      | Found a transporter.
  6774 | D:7      | Reached skill level 5 in Fighting
  6776 | D:7      | Reached XP level 10. HP: 76/83 MP: 10/10
  6789 | D:7      | Reached ** piety under Okawaru
  7385 | D:8      | Found a bloodstained altar of Trog.
  7478 | D:8      | Found a sand-covered staircase.
  7486 | Ossuary  | Entered an ossuary
  7660 | Ossuary  | Reached skill level 10 in Fighting
  7660 | Ossuary  | Reached skill level 5 in Armour
  7660 | Ossuary  | Reached skill level 5 in Shields
  7660 | Ossuary  | Reached XP level 11. HP: 100/100 MP: 10/14
  7676 | D:8      | Noticed Erica
  7695 | D:8      | Killed Erica
  8073 | D:8      | Reached *** piety under Okawaru
  8100 | D:8      | Found a staircase to the Lair.
  8563 | D:9      | Found a staircase to the Orcish Mines.
  8603 | D:9      | Reached skill level 6 in Armour
  8845 | D:9      | Reached **** piety under Okawaru
  8929 | D:9      | Noticed a two-headed ogre
  8930 | D:9      | Noticed a two-headed ogre
  8943 | D:9      | Killed a two-headed ogre
  8943 | D:9      | Reached skill level 7 in Armour
  8948 | D:9      | Killed a two-headed ogre
  8948 | D:9      | Reached skill level 8 in Armour
  8948 | D:9      | Reached XP level 12. HP: 31/112 MP: 15/15
  9665 | D:9      | Found a shimmering altar of Xom.
  9795 | Lair:1   | Entered Level 1 of the Lair of Beasts
  9817 | Lair:1   | Reached skill level 9 in Armour
 10143 | Lair:1   | Reached ***** piety under Okawaru
 10873 | Lair:1   | Reached skill level 10 in Armour
 11022 | Lair:1   | Reached skill level 5 in Invocations
 11893 | Lair:2   | Noticed Urug
 12187 | Lair:2   | Found an iron altar of Okawaru.
 12348 | Lair:2   | Found a staircase to the Shoals.
 12372 | Lair:2   | HP: 3/112 [manticore (4)]
 13078 | Lair:2   | Killed Urug
 13310 | Lair:3   | Received a gift from Okawaru
 13320 | Lair:3   | Got a pair of ancient boots {god gift}
 13545 | Lair:2   | Identified the +1 pair of boots "Hysuysij" {*Drain Str+2
                  | Int+4 SInv} (Okawaru gifted it to you on level 3 of the
                  | Lair of Beasts)
 13637 | Lair:3   | HP: 5/112 [poisoned by a spiny frog]
 14040 | Lair:3   | Reached skill level 10 in Shields
 14041 | Lair:3   | Reached XP level 13. HP: 86/118 MP: 9/17
 14394 | Lair:3   | Found a staircase to the Snake Pit.
 15397 | Lair:4   | Received a gift from Okawaru
 15398 | Lair:4   | Got an ichor-stained hand axe {god gift}
 15399 | Lair:4   | Identified the +6 hand axe of Expedience {drain, *Slow rF+
                  | Str+8} (Okawaru gifted it to you on level 4 of the Lair of
                  | Beasts)
 15729 | Lair:5   | Found a staircase to the Slime Pits.
 15755 | Lair:5   | Identified the Incunabulum of Evil Arts
 15917 | Lair:5   | Noticed Kirke
 15947 | Lair:5   | Killed Kirke
 16131 | Lair:5   | Reached XP level 14. HP: 121/126 MP: 18/18
 16577 | Lair:6   | Entered Level 6 of the Lair of Beasts
 16596 | Lair:6   | Reached skill level 15 in Shields
 16709 | Lair:6   | Found a dark tunnel.
 16714 | Volcano  | Entered a volcano
 16739 | Volcano  | Received a gift from Okawaru
 16742 | Volcano  | Got a faintly glowing broad axe {god gift}
 16743 | Volcano  | Identified the +10 broad axe "Wyunt" {drain, rC+ Int+6
                  | Dex-4} (Okawaru gifted it to you in a volcano)
 16772 | Volcano  | Reached skill level 11 in Armour
 17059 | Lair:6   | Reached ****** piety under Okawaru
 17576 | Lair:6   | Reached skill level 12 in Armour
 17576 | Lair:6   | Reached XP level 15. HP: 134/134 MP: 18/20
 17709 | Lair:6   | Received a gift from Okawaru
 17740 | Lair:6   | Found a burning altar of Makhleb.
 18059 | Lair:6   | Found a gateway to Hell.
 18080 | Lair:6   | Got a scorched spear
 18825 | D:10     | Entered Level 10 of the Dungeon
 19310 | D:10     | Noticed Grum
 19330 | D:10     | Killed Grum
 19330 | D:10     | Received a gift from Okawaru
 19463 | D:11     | Found a gate leading to a gauntlet.
 19499 | Gauntlet | Entered a Gauntlet
 19499 | Gauntlet | Found a transporter.
 19499 | Gauntlet | Found a transporter.
 19515 | Gauntlet | Found a transporter.
 19519 | Gauntlet | Found a transporter.
 19533 | Gauntlet | Found a transporter.
 19535 | Gauntlet | Found a transporter.
 19539 | Gauntlet | Noticed a balrug
 19543 | Gauntlet | Found a transporter.
 19574 | Gauntlet | Found a runed translucent gate.
 19575 | Gauntlet | Found a large runed translucent door.
 19575 | Gauntlet | Found a large runed translucent door.
 19576 | Gauntlet | Found a large runed translucent door.
 19577 | Gauntlet | Found a large runed translucent door.
 19578 | Gauntlet | Found a large runed translucent door.
 19578 | Gauntlet | Found a large runed translucent door.
 19578 | Gauntlet | Found a runed translucent door.
 19579 | Gauntlet | Found a large runed translucent door.
 19580 | Gauntlet | Found a large runed translucent door.
 19586 | Gauntlet | Found a transporter.
 19586 | Gauntlet | Found a runed translucent gate.
 19586 | Gauntlet | Found a transporter.
 19586 | Gauntlet | Found a transporter.
 19587 | Gauntlet | Found a runed translucent door.
 19587 | Gauntlet | Found a runed translucent gate.
 19589 | Gauntlet | Found a large runed translucent door.
 19589 | Gauntlet | Found a large runed translucent door.
 19589 | Gauntlet | Found a large runed translucent door.
 19589 | Gauntlet | Found a large runed translucent door.
 19624 | Gauntlet | Found a large runed translucent door.
 19624 | Gauntlet | Found a large runed translucent door.
 19627 | Gauntlet | Found a large runed translucent door.
 19627 | Gauntlet | Found a large runed translucent door.
 19634 | Gauntlet | Found a transporter.
 19644 | Gauntlet | Found a transporter.
 19893 | Gauntlet | Got a smoking helmet
 19904 | Gauntlet | Identified the +4 helmet of Motaseva {rElec rC+++ Dex-2
                  | SInv} (You found it in a Gauntlet)
 19951 | Gauntlet | Got a pair of crude gloves
 19971 | Gauntlet | Identified the +5 pair of gloves "Jojoteir" {rPois rC+ rN+
                  | Str-5} (You found it in a Gauntlet)
 20010 | Gauntlet | Reached XP level 16. HP: 81/144 MP: 22/22
 20461 | D:11     | Noticed Josephine
 20474 | D:11     | Killed Josephine
 21598 | D:12     | Noticed Gastronok
 21612 | D:12     | Killed Gastronok
 21612 | D:12     | Reached skill level 15 in Fighting
 21940 | D:13     | Noticed Azrael
 21965 | D:13     | Killed Azrael
 22405 | D:13     | Received a gift from Okawaru
 22567 | D:13     | Noticed Sonja
 22577 | D:13     | Killed Sonja
 22583 | D:13     | Reached skill level 13 in Armour
 23287 | D:14     | Reached skill level 14 in Armour
 23333 | D:14     | Found Woych's Gadget Shop.
 23354 | D:14     | Got a bloodstained flail
 23355 | D:14     | Identified the +5 flail of Ramaapecw {crush, +Blink +Inv
                  | rElec Dex-4} (You found it on level 14 of the Dungeon)
 23631 | D:14     | Reached skill level 15 in Armour
 23722 | D:14     | Found the +8 arc blade {discharge, rElec}
 23982 | D:14     | Found a gate to the Vaults.
 23993 | D:14     | Reached skill level 1 in Maces & Flails
 23993 | D:14     | Reached skill level 5 in Unarmed Combat
 24004 | D:14     | Identified the +3 spear of Checkmate {freeze, Str+5} (You
                  | found it on level 6 of the Lair of Beasts)
 24035 | D:15     | Entered Level 15 of the Dungeon
 24067 | D:15     | Reached XP level 17. HP: 120/156 MP: 23/23
 24236 | D:15     | Received a gift from Okawaru
 24258 | D:15     | Got jewelled swamp dragon scales {god gift}
 24259 | D:15     | Identified the +1 swamp dragon scales of the Spider Nest
                  | {+Blink rPois rF+ Dex+3} (Okawaru gifted it to you on level
                  | 15 of the Dungeon)
 24601 | D:15     | Found Pepe's Antique Weapon Shop.
 24729 | D:15     | Found a staircase to the Depths.
 25187 | Snake:1  | Entered Level 1 of the Snake Pit
 25192 | Snake:1  | Reached skill level 1 in Evocations
 25576 | Snake:1  | Reached skill level 5 in Evocations
 25809 | Snake:1  | Found an iron altar of Okawaru.
 26464 | Snake:3  | Received a gift from Okawaru
 26479 | Snake:3  | Noticed Mara
 26480 | Snake:3  | Noticed Hugehornet's illusion
 26691 | Snake:3  | Found Keured's Assorted Antiques.
 26714 | Snake:3  | Bought a potion of heal wounds for 130 gold pieces
 26924 | Snake:3  | Reached skill level 16 in Armour
 26932 | Snake:3  | Received a gift from Okawaru
 27257 | Snake:3  | Noticed Hugehornet's illusion
 27283 | Snake:3  | Killed Mara
 27283 | Snake:3  | Reached XP level 18. HP: 89/163 MP: 17/24
 27497 | Snake:4  | Entered Level 4 of the Snake Pit
 27511 | Snake:4  | Received a gift from Okawaru
 27543 | Snake:4  | Noticed Aizul
 27561 | Snake:4  | Killed Aizul
 27577 | Snake:4  | Identified Roxanne's Collected Works on Changing
 27577 | Snake:4  | Noticed Roxanne
 27603 | Snake:4  | Killed Roxanne
 27611 | Snake:4  | Reached skill level 17 in Armour
 27660 | Snake:4  | Noticed Vashnia
 27700 | Snake:4  | Received a gift from Okawaru
 27703 | Snake:4  | Killed Vashnia
 27710 | Snake:4  | Reached skill level 18 in Armour
 27930 | Snake:4  | Found a transporter.
 27963 | Snake:4  | Identified the +10 short sword of Psychosis {holy, Str+2}
 27963 | Snake:4  | Noticed esteth's ghost (journeyman GnWz)
 27963 | Snake:4  | Found a bloodstained altar of Trog.
 27973 | Snake:4  | Identified the +5 scale mail "Kibb" {Regen+ Dex+7}
 27980 | Snake:4  | Found a transporter.
 28082 | Snake:4  | Received a gift from Okawaru
 28128 | Snake:4  | Reached skill level 19 in Armour
 28324 | Snake:4  | Got a serpentine rune of Zot
 28584 | Snake:4  | Received a gift from Okawaru
 28585 | Snake:4  | Reached XP level 19. HP: 156/170 MP: 25/25
 28613 | Snake:4  | Killed esteth's ghost
 28872 | Orc:1    | Entered Level 1 of the Orcish Mines
 28944 | Orc:1    | Found a flagged portal.
 28949 | Bailey   | Entered a bailey
 29204 | Bailey   | Reached skill level 20 in Armour
 29353 | Orc:1    | Noticed Jorgrun
 29372 | Orc:1    | Reached skill level 1 in Spellcasting
 29382 | Orc:1    | Killed Jorgrun
 29557 | Orc:2    | Entered Level 2 of the Orcish Mines
 29557 | Orc:2    | Noticed Erolcha
 29565 | Orc:2    | Killed Erolcha
 29658 | Orc:2    | Found Foohu Pujeu's Food Shop.
 29695 | Orc:2    | Reached skill level 5 in Spellcasting
 29701 | Orc:2    | Found Ninack's Jewellery Shop.
 29703 | Orc:2    | Found Sybargh's Antique Weapon Shoppe.
 29728 | Orc:2    | Found Faidolomp's Book Boutique.
 29912 | Orc:2    | Learned a level 1 spell: Summon Butterflies
 29946 | Orc:2    | Noticed Saint Roka
 29950 | Orc:2    | Noticed Rupert
 30515 | Orc:2    | Found a staircase to the Elven Halls.
 30612 | Orc:2    | Killed Saint Roka
 30638 | Orc:2    | Killed Rupert
 30648 | Orc:2    | Received a gift from Okawaru
 30652 | Orc:2    | Got a transparent chain mail {god gift}
 30704 | Orc:2    | Identified the +3 chain mail of Lofis {Str+4 Int-2 Stlth+}
                  | (Okawaru gifted it to you on level 2 of the Orcish Mines)
 31050 | Orc:2    | Bought an uncursed ring of flight for 245 gold pieces
 31050 | Orc:2    | Bought the brooch of Shielding {Reflect SH+8} for 1488 gold
                  | pieces
 31050 | Orc:2    | Found the brooch of Shielding {Reflect SH+8}
 31223 | Shoals:1 | Entered Level 1 of the Shoals
 32184 | Shoals:2 | Found Ituzoacw's Weapon Shop.
 32269 | Shoals:2 | Found Deurghajo's Distillery.
 32314 | Shoals:2 | Bought a potion of cancellation for 128 gold pieces
 32314 | Shoals:2 | Bought a potion of curing for 48 gold pieces
 32314 | Shoals:2 | Bought a potion of heal wounds for 80 gold pieces
 32314 | Shoals:2 | Bought a potion of heal wounds for 80 gold pieces
 32353 | Shoals:2 | Found Venlixua's Food Boutique.
 32531 | Shoals:2 | Reached XP level 20. HP: 171/179 MP: 27/27
 33106 | Shoals:3 | Noticed Nikola
 33120 | Shoals:3 | Killed Nikola
 33315 | Shoals:3 | Received a gift from Okawaru
 33378 | Shoals:3 | Found an opulent altar of Gozag.
 33780 | Shoals:4 | Entered Level 4 of the Shoals
 34659 | Shoals:4 | Received a gift from Okawaru
 34851 | Shoals:4 | Cast into level 2 of the Abyss (faun)
 35127 | Abyss:3  | Gained mutation: Scrolls take you a little longer to read.
                  | [a neqoxec]
 35218 | Shoals:4 | Escaped the Abyss
 35229 | Shoals:4 | Received a gift from Okawaru
 35246 | Shoals:4 | Got a barnacled rune of Zot
 35254 | Shoals:4 | Identified the +0 pair of gloves of the Cockroach {-Cast
                  | MR- Str+3 Dex+8} (Okawaru gifted it to you on level 4 of
                  | the Shoals)
 35717 | Elf:1    | Entered Level 1 of the Elven Halls
 35855 | Elf:1    | Identified Kikubaaqudgha's Collected Works on Unholy
                  | Secrets
 36111 | Elf:1    | Reached skill level 5 in Dodging
 36126 | Elf:1    | Reached XP level 21. HP: 142/185 MP: 28/28
 36588 | Elf:2    | Got a pitted tin ring
 36591 | Elf:2    | Identified the cursed ring of the Snail {rElec rPois Int-4
                  | Dex-3 Slay+2} (You found it on level 2 of the Elven Halls)
 36760 | Elf:2    | Found Vimn's Antique Armour Boutique.
 36785 | Elf:2    | Bought a brightly glowing plate armour for 728 gold pieces
 36845 | Elf:1    | Identified the +6 plate armour of the Lizard {-Tele rCorr
                  | Dex+7} (You bought it in a shop on level 2 of the Elven
                  | Halls)
 37409 | Elf:2    | Found Betekor's Gadget Shop.
 37412 | Elf:2    | Found Gyperiatt's Jewellery Emporium.
 37413 | Elf:2    | Found Laozeaf's Gadget Shop.
 37500 | Elf:2    | Found a runed translucent door.
 37529 | Elf:2    | Found a runed translucent door.
 37629 | Elf:2    | Reached skill level 10 in Dodging
 38086 | Elf:2    | Received a gift from Okawaru
 38543 | Elf:3    | Entered Level 3 of the Elven Halls
 38543 | Elf:3    | Noticed Donald
 38553 | Elf:3    | Killed Donald
 38608 | Elf:3    | Found a frozen archway.
 38659 | IceCv    | Entered an ice cave
 38846 | IceCv    | Reached skill level 5 in Maces & Flails
 39614 | Elf:3    | Found Lycah's Assorted Antiques.
 40167 | Elf:3    | Gained mutation: You are frail. (-10% HP) [a neqoxec]
 40170 | Elf:3    | Received a gift from Okawaru
 40174 | Elf:3    | Identified the cursed +0 leather armour "Zuyphot" {*Drain
                  | Int+7 SInv}
 40185 | Elf:3    | Reached skill level 10 in Maces & Flails
 40185 | Elf:3    | Reached XP level 22. HP: 171/173 MP: 18/29
 40188 | Elf:3    | Cast into level 2 of the Abyss (a deep elf sorcerer)
 40256 | Elf:3    | Escaped the Abyss
 40348 | Elf:3    | Identified the cursed +1 great sword of Fedhas's Favour
                  | {drain, *Slow rPois Str+2 Int+3 SInv}
 40349 | Elf:3    | Found the +7 Spriggan's Knife {stab, EV+4 Stlth+}
 40375 | Elf:3    | Found the +8 orange crystal plate armour {Archmagi, Int+3
                  | Clar}
 40403 | Elf:3    | Got a faintly glowing tin ring
 40406 | Elf:3    | Identified the ring of the Moon {rF- Int+5 Stlth-} (You
                  | found it on level 3 of the Elven Halls)
 40413 | Elf:3    | Found the +10 morningstar "Eos" {elec, Halo rElec}
 40413 | Elf:3    | Identified the Tome of Burning Protection
 40478 | Elf:3    | Identified the Volume of Flying Dislocation
 41136 | Lair:6   | Lost mutation: You are frail. (-10% HP) [potion of
                  | mutation]
 41136 | Lair:6   | Lost mutation: Scrolls take you a little longer to read.
                  | [potion of mutation]
 41136 | Lair:6   | Gained mutation: You are clumsy. (Dex -2) [potion of
                  | mutation]
 41136 | Lair:6   | Gained mutation: Your skin changes colour to match your
                  | surroundings (Stealth+). [potion of mutation]
 41136 | Lair:6   | Gained mutation: You are resistant to electric shocks.
                  | (rElec) [potion of mutation]
 41137 | Lair:6   | Lost mutation: You are clumsy. (Dex -2) [potion of
                  | mutation]
 41137 | Lair:6   | Lost mutation: You are resistant to electric shocks.
                  | (rElec) [potion of mutation]
 41137 | Lair:6   | Gained mutation: You are somewhat resistant to further
                  | mutation. [potion of mutation]
 41468 | Vaults:1 | Entered Level 1 of the Vaults
 41640 | Vaults:1 | Received a gift from Okawaru
 41710 | Vaults:1 | Identified the +8 plate armour of Freedom {MP+9 Int-5 SInv}
                  | (You found it on level 1 of the Vaults)
 42695 | Vaults:2 | Identified the Guide on the Virous Blaze
 43679 | Vaults:2 | Received a gift from Okawaru
 43873 | Vaults:3 | Reached XP level 23. HP: 200/200 MP: 30/30
 43941 | Vaults:3 | Found a staircase to the Crypt.
 44007 | Vaults:3 | Found a flickering gateway to a bazaar.
 44031 | Bazaar   | Entered a bazaar
 44035 | Bazaar   | Found Enulomua's Food Boutique.
 44053 | Bazaar   | Found Bexaitsote's Antique Weapon Emporium.
 44070 | Bazaar   | Found Omouwoij's Jewellery Boutique.
 44087 | Bazaar   | Found Pacofev's Antique Armour Shoppe.
 44125 | Bazaar   | Bought a +5 ring of strength for 329 gold pieces
 44125 | Bazaar   | Bought a +4 ring of intelligence for 216 gold pieces
 44125 | Bazaar   | Bought the amulet of the Will of the Gods {RegenMP Str+2
                  | Int+2} for 363 gold pieces
 44252 | Vaults:3 | Found Wienah's Antique Armour Shop.
 44366 | Vaults:3 | Received a gift from Okawaru
 44427 | Vaults:3 | You fall into a shaft and drop 1 floor!
 45487 | Vaults:4 | Received a gift from Okawaru
 45491 | Vaults:4 | Identified the +13 crystal plate armour of Pan-Flutes
                  | {Regen+ Slay+2} (Okawaru gifted it to you on level 4 of the
                  | Vaults)
 45606 | Vaults:4 | Noticed Frederick
 45610 | Vaults:4 | Noticed Asterion
 45615 | Vaults:4 | Killed Frederick
 45630 | Vaults:4 | Killed Asterion
 46233 | Vaults:3 | Found Lig Hargh's Weapon Shoppe.
 46749 | Vaults:3 | Found Kakomuz's Book Shoppe.
 46870 | Vaults:5 | Entered Level 5 of the Vaults
 46875 | Vaults:5 | Reached XP level 24. HP: 207/207 MP: 24/30
 46964 | Vaults:5 | Reached skill level 21 in Armour
 47037 | Vaults:5 | Received a gift from Okawaru
 47259 | Vaults:5 | Got a silver rune of Zot
 47369 | Vaults:5 | Identified the +3 dire flail of the Onslaught {freeze,
                  | rPois} (Okawaru gifted it to you on level 5 of the Vaults)
 47496 | Vaults:5 | Identified the cursed +1 flail of the Hero {antimagic,
                  | *Drain +Fly rF+ Stlth+} (You found it on level 5 of the
                  | Vaults)
 47546 | Vaults:5 | Reached skill level 22 in Armour
 47594 | Vaults:5 | Found the +7 Singing Sword {slice, sonic wave}
 47651 | Vaults:5 | Found Zud Ast's Antique Armour Shop.
 47656 | Vaults:5 | Received a gift from Okawaru
 47672 | Vaults:5 | Bought a pair of bloodstained gloves for 323 gold pieces
 47694 | Vaults:5 | Identified the +1 pair of gloves of the Kangaroo {rC- rN++
                  | Dex+5} (You bought it in a shop on level 5 of the Vaults)
 47867 | Vaults:5 | Received a gift from Okawaru
 47889 | Vaults:5 | Reached skill level 23 in Armour
 47895 | Vaults:5 | Reached XP level 25. HP: 214/214 MP: 26/30
 48460 | Vaults:5 | Identified the cursed +1 morningstar of Checks and Balances
                  | {pain, rF++ rC- Int+2 Stlth+} (You found it on level 5 of
                  | the Vaults)
 48838 | Depths:1 | Entered Level 1 of the Depths
 48846 | Depths:1 | Found a one-way gate to the infinite horrors of the Abyss.
 49029 | Depths:1 | Found Nisenluv's Distillery.
 49029 | Depths:1 | Found Qetuf's Assorted Antiques.
 49037 | Depths:1 | Bought a potion of heal wounds for 100 gold pieces
 49233 | Depths:1 | Received a gift from Okawaru
 49874 | Depths:2 | Received a gift from Okawaru
 49891 | Depths:2 | Reached skill level 24 in Armour
 49980 | Depths:2 | Found a runed translucent gate.
 49980 | Depths:2 | Found a runed translucent gate.
 49981 | Depths:2 | Found a runed translucent gate.
 50079 | Depths:2 | Found a runed translucent gate.
 50079 | Depths:2 | Found a runed translucent gate.
 50084 | Depths:2 | Noticed Xohoopt's ghost (veteran GrFi)
 50089 | Depths:2 | Found a runed translucent gate.
 50166 | Depths:2 | Found a transporter.
 50167 | Depths:2 | Found a corrupted altar of Lugonu.
 50167 | Depths:2 | Found a transporter.
 50805 | Depths:2 | Reached skill level 25 in Armour
 50815 | Depths:2 | Paralysed by accursed screaming for 2 turns
 50841 | Depths:2 | Got a heavily runed golden ring
 51258 | Depths:3 | Received a gift from Okawaru
 51270 | Depths:3 | Reached XP level 26. HP: 222/222 MP: 30/30
 51370 | Depths:3 | Reached skill level 26 in Armour
 51545 | Depths:3 | You fall into a shaft and drop 1 floor!
 51545 | Depths:4 | Found a one-way gate leading to the halls of Pandemonium.
 51776 | Depths:4 | Received a gift from Okawaru
 51830 | Depths:4 | Reached skill level 27 in Armour
 52391 | Depths:3 | Noticed Jory
 52406 | Depths:3 | Killed Jory
 52885 | Depths:4 | Identified the ring "Leank" {*Drain rPois Str+8 SInv} (You
                  | found it on level 2 of the Depths)
 53093 | Depths:4 | Found a gateway to a bazaar.
 53120 | Bazaar   | Entered a bazaar
 53120 | Bazaar   | Found Orhir's Antique Armour Shop.
 53146 | Bazaar   | Found Guzaept's Antique Weapon Shop.
 53166 | Bazaar   | Found Jushapec's Distillery.
 53174 | Bazaar   | Bought a potion of heal wounds for 75 gold pieces
 53194 | Bazaar   | Bought a brightly glowing flail for 153 gold pieces
 53194 | Bazaar   | Bought a pitted trident for 153 gold pieces
 53195 | Bazaar   | Identified the +7 flail of Valour {flame, *Corrode rElec
                  | Int+5 Dex+4} (You bought it in a shop in a bazaar)
 53196 | Bazaar   | Identified the +9 trident "Pefok" {freeze, -Tele Str+9}
                  | (You bought it in a shop in a bazaar)
 53260 | Depths:4 | Received a gift from Okawaru
 53275 | Depths:4 | Reached XP level 27. HP: 178/240 MP: 30/30
 53316 | Depths:4 | Learned a level 2 spell: Shroud of Golubria
 53352 | Depths:4 | Found a corrupted altar of Lugonu.
 53455 | Depths:5 | Entered Level 5 of the Depths
 53467 | Depths:5 | Reached skill level 1 in Charms
 53622 | Depths:5 | Found a gateway to a ziggurat.
 53698 | Depths:5 | Reached skill level 5 in Charms
 53701 | Depths:5 | Noticed a juggernaut
 53715 | Depths:5 | Killed a juggernaut
 54200 | Depths:5 | Learned a level 2 spell: Swiftness
 54311 | Depths:5 | Learned a level 3 spell: Regeneration
 54615 | Depths:5 | Identified the ring "Fyf Aka" {rPois rF+ rC- MR+}
 54693 | Depths:5 | Found a gate to the Realm of Zot.
 55071 | Depths:5 | Found a runed translucent gate.
 55071 | Depths:5 | Found a runed translucent gate.
 55073 | Depths:5 | Found a runed translucent gate.
 55073 | Depths:5 | Noticed DOPEyDwarf's ghost (veteran GrFE)
 55173 | Depths:5 | Killed DOPEyDwarf's ghost
 55333 | Zot:1    | Entered Level 1 of the Realm of Zot
 55447 | Zot:1    | Received a gift from Okawaru
 55888 | Zot:1    | Found the +7 great mace "Undeadhunter" {disrupt, rN+}
 55927 | Zot:1    | Noticed an orb of fire
 55965 | Zot:1    | Gained mutation: You are dopey. (Int -2) [an orb of fire]
 55974 | Zot:1    | Gained mutation: Your spells are a little easier to cast,
                  | but a little less powerful. [an orb of fire]
 55983 | Zot:1    | Killed an orb of fire
 55993 | Zot:1    | HP: 6/242 [death cob (10)]
 55993 | Zot:1    | Slain by a death cob

Levels and vault maps discovered:
D:1:      nzn_arrival_depleted_hourglass, layout_loops_ring
D:2:      layout_loops_corners, overflow_temple_1_default, fedhas_altar_4,
          nicolae_dithmenos_through_a_glass_darkly
D:3:      layout_basic, chequers_temple_overflow_statue_of_worship,
          nemelex_xobeh_ov_fountains_minmay, uniq_grinder
D:4:      layout_rooms, dancing_weapons_uskayaw, portal_sewer_entry_f,
          first_ration, minmay_divided_ellipse
D:5:      layout_cave_pools, led_sif_book
D:6:      layout_rooms, minmay_temple_entry_slanted, serial_shops, shop,
          uniq_menkaure, uniq_prince_ribbit1
D:7:      gammafunk_steamed_eel, layout_cave_pools, grunt_livestock,
          kennysheep_big_empty_room, kennysheep_another_room
D:8:      layout_basic, old_standard_altar, david_lair_shrubbed,
          chequers_ossuary_entry_cave, uniq_erica
D:9:      layout_cave_pools, lemuel_coloured_pillars_altar, zombieorc2_lemuel,
          minmay_alternating_orb
D:10:     layout_basic, uniq_grum
D:11:     layout_irregular_city, gauntlet_entry_generic, uniq_josephine
D:12:     layout_long_grid, uniq_gastronok
D:13:     layout_loops_corners, st_stairs_12, uniq_azrael, uniq_sonja
D:14:     minmay_the_grid_octo_2x2 [minmay_the_grid_octo_thin_diamonds,
          minmay_the_grid_octo_pinwheel, minmay_the_grid_octo_77,
          minmay_the_grid_octo_prize_square_snowflake], layout_loops_ring,
          david_vaults_4, serial_shops, shop, serial_bayou, serial_bayou_lake_a,
          serial_bayou_pond_c, serial_bayou_pond_b, serial_bayou_shore_b
D:15:     grunt_enter_depths_snipers, layout_gridville, serial_shops,
          nicolae_shop_overgrown_old_shop, chequers_mini_garden
Temple:   jpeg_temple_clearing
Lair:1:   layout_long_grid, serial_forest, infiniplex_forest_clump_small,
          infiniplex_forest_clump_long, infiniplex_forest_end_1,
          infiniplex_forest_clump_diagonal, infiniplex_forest_straight_2,
          infiniplex_forest_end_2, infiniplex_forest_end_1,
          infiniplex_forest_corner_1, infiniplex_forest_clump_small,
          infiniplex_forest_end_2
Lair:2:   layout_hall_layers, minmay_shoals_entry_beasts, basic_altar, uniq_urug
Lair:3:   layout_hall_layers, dummy_snake_entry,
          eino_small_chamber_without_monster, beast_lair_carwin_10
Lair:4:   layout_long_grid
Lair:5:   layout_gridlike, slime_dummy, uniq_kirke
Lair:6:   evil_forest, layout_cave_shapes, nicolae_volcano_entry_s_turn,
          infiniplex_staircase_pool_2
Shoals:1: layout_shoals
Shoals:2: layout_shoals, serial_shops, shop, nicolae_shop_statue_plus, shop,
          st_sunken_temple
Shoals:3: layout_shoals, lemuel_altar_in_water, uniq_nikola
Shoals:4: shoals_end_grunt_ice, layout_shoals
Snake:1:  layout_rooms, basic_altar
Snake:2:  layout_rooms, serial_bayou_crossing
Snake:3:  layout_onion_interference, serial_shops, shop, uniq_mara
Snake:4:  johnstein_snake_rune_scales, layout_misc_corridors,
          gammafunk_ghost_wrathful_warriors, uniq_roxanne, uniq_aizul,
          uniq_vashnia
Orc:1:    layout_caves, enter_bailey_3, uniq_jorgrun
Orc:2:    st_orc_open, layout_diamond_mine, uniq_erolcha, uniq_saint_roka,
          uniq_rupert
Elf:1:    eino_elf_arrival_customs, layout_geoelf_octagon,
          minmay_elf_necromancy, grunt_ministairs_6, mumra_transporter_accident,
          corexii_leaking_fountain, minmay_checkered_concentric_circles
Elf:2:    layout_gridlike, serial_shops, nicolae_shop_statue_plus, special_room
          [special_room_orc], minmay_shop_grove
Elf:3:    grunt_elf_hall_asides, layout_onion_city, serial_shops,
          nicolae_shop_statue_plus, portal_ice_cave_entry_ice_statue_one,
          nicolae_elf_big_sculpture_1, minivault_16, amethyst_killhole,
          uniq_donald
Vaults:1: v_misc_8, v_misc_28, v_rooms_1, grunt_vaults_funnel,
          nicolae_vaults_fighting_squares, v_rooms_5, ontoclasm_vaults_eye,
          hangedman_vaults_cutoff, vaults_room_hallway, layout_vaults_ring
Vaults:2: hangedman_vaults_snaps, nicolae_vaults_network_s,
          vaults_room_ringed_pool, vaults_room_guarded_vault,
          vaults_room_large_hall, hangedman_vaults_maws, serial_ice_b,
          nicolae_vaults_little_squares_2, v_alt_pattern_6,
          nicolae_vaults_alarming, ontoclasm_vaults_decontamination,
          layout_vaults_omnicross
Vaults:3: minmay_crypt_entry_simple_plaza, grunt_vaults_twisty,
          hangedman_vaults_pinch, hangedman_vaults_locks,
          vaults_standard_mumra_x, vaults_dpeg_ring, grunt_vaults_hallway_long,
          hangedman_vaults_slice, v_alt_pattern_4, v_pattern_5, serial_ice_m,
          layout_vaults_maze_bifur, serial_shops, bzr_firewalk, shop, shop,
          nicolae_shop_crystal
Vaults:4: nicolae_vaults_shelves_hall, v_rooms_3, nicolae_vaults_circle_grid_a,
          nicolae_vaults_circle_grid_a, v_pattern_1, sword_in_stone,
          nicolae_vaults_network_square, vaults_room_hallway,
          nicolae_vaults_rhombus_5, hangedman_vaults_stretched_pinwheel,
          layout_vaults_quadrants
Vaults:5
Depths:1: layout_cave_shapes, abyss_entry, pf_coc_iceberg, dispersion_dpeg,
          minmay_shoptagon, grunt_megastairs_4
Depths:2: gammafunk_corrupted_shrine, layout_gridlike, grunt_metal_band,
          minmay_misc_feat_square, ploomutoo_gammafunk_ghost_potion_laboratory,
          patterned_corridor
Depths:3: minmay_sliced_demisemicircle, layout_cave_pools,
          rand_demon_pan_entry_4, serial_sigils_hangedman_gut, hell_entry,
          hangedman_decor_lopped, uniq_jory
Depths:4: minmay_expanding_circles, layout_small_grid, hellmouth_3,
          serial_shops, statue_bzr, grunt_pan_entry_sceptre,
          abyss_entry_flame_altar, bh_walls_and_bars
Depths:5: lemuel_castle_with_subvaults [lemuel_castle_interior_carwin_1],
          layout_basic, enter_ziggurat_b, ebering_ghost_rock_garden, hell_entry,
          minivault_14, hangedman_abyss_or_decor_slice
Zot:1:    grunt_deathspiral_small, layout_onion

Skill      XL: |  1  2  3  4  5  6  7  8  9 10 11 12 13 14 15 16 17 18 19 20 21 22 23 24 25 26 27 |
---------------+----------------------------------------------------------------------------------+-----
Axes           | 3 4 5 6 8 9 11 14 16 18 | 18.0
Fighting       | 6 10 12 13 15 18 | 18.8
Armour         | 5 8 10 12 15 16 19 20 23 25 27 | 27.0
Dodging        | 3 4 5 12 | 12.0
Shields        | 5 10 14 15 18 20 22 24 25 | 25.0
Unarmed Combat | 4 5 |  5.7
Invocations    | 4 6 8 |  8.1
Maces & Flails | 1 2 10 13 | 13.1
Evocations     | 8 |  8.0
Spellcasting   | 5 9 |  9.5
Charms         | 9 |  9.4

Action                   |  1- 3 |  4- 6 |  7- 9 | 10-12 | 13-15 | 16-18 | 19-21 | 22-24 | 25-27 || total
-------------------------+-------+-------+-------+-------+-------+-------+-------+-------+-------++-------
Melee: War axe           |    63 |   137 |   495 |   788 |   242 |       |       |       |       ||  1725
       Hand axe          |       |       |       |       |   205 |     9 |       |       |       ||   214
       Broad axe         |       |       |       |       |   291 |  1241 |  1816 |  1482 |  1388 ||  6218
       Morningstar       |       |       |       |       |       |       |       |       |    11 ||    11
       Trident           |       |       |       |       |       |       |       |       |    85 ||    85
       Eveningstar       |       |       |       |       |       |       |       |       |     4 ||     4
 Cast: Shroud of Golubri |       |       |       |       |       |       |       |       |     3 ||     3
       Regeneration      |       |       |       |       |       |       |       |       |     1 ||     1
Invok: Heroism           |       |       |       |     4 |     4 |     3 |     7 |    10 |     6 ||    34
       Finesse           |       |       |       |     3 |     4 |     4 |     7 |    11 |     6 ||    35
 Abil: Evoke Blink       |       |       |       |       |       |     1 |       |       |       ||     1
       Evoke Flight      |       |       |       |       |       |       |    33 |       |       ||    33
       Stop Flying       |       |       |       |       |       |       |     6 |       |       ||     6
  Use: Scroll            |       |     6 |     4 |    12 |    13 |    17 |    15 |    10 |    11 ||    88
       Potion            |       |       |     1 |     2 |     4 |     4 |    12 |     2 |    13 ||    38
 Stab: Distracted        |       |       |       |       |       |       |     1 |     2 |     1 ||     4
       Invisible         |       |       |       |       |       |       |       |       |     2 ||     2
  Eat: Chunk             |       |     6 |     6 |    22 |    15 |    11 |    19 |    10 |    14 ||   103
       Ration            |       |       |     2 |     2 |     2 |     5 |     8 |     4 |     4 ||    27
Armor: Scale mail        |    21 |    26 |       |       |       |       |       |       |       ||    47
       Chain mail        |       |    27 |   104 |       |       |       |       |       |       ||   131
       Plate armour      |       |       |    61 |   278 |   166 |     4 |       |       |       ||   509
       Fire dragon scale |       |       |       |       |       |   138 |   415 |     7 |       ||   560
       Swamp dragon scal |       |       |       |       |       |   155 |     2 |       |       ||   157
       Crystal plate arm |       |       |       |       |       |       |       |   255 |   407 ||   662
Dodge: Dodged            |    11 |    37 |    59 |   111 |   107 |   196 |   255 |   147 |   254 ||  1177
       Deflected         |       |       |       |       |     1 |    45 |    37 |    17 |    35 ||   135
Block: Shield            |    49 |   102 |   306 |   507 |   369 |       |       |       |       ||  1333
       Reflection        |     3 |     1 |    12 |     7 |    10 |   161 |   158 |   141 |   123 ||   616
       Large shield      |       |       |       |       |   201 |  1275 |  1927 |  1296 |  1706 ||  6405
